Map: Port Aleksander LE

Players

Fayx - Winner!

  • Race: Zerg Zerg
  • League: Diamond
  • Spawn Location: 11:00

Mau

  • Race: Zerg Zerg
  • League: Diamond
  • Spawn Location: 5:00

VOD

Have the link to the VOD?

Description

Time

  • Played on: Feb. 22, 2019, 12:15 a.m.
  • Length: 7:21
Show
View Real Time Build Order
Export as new Build Order

Fayx Zerg - Winner!

Build Orders: Hatch First 

Get SALT Encoding   

  12  0:00  Drone  
  13  0:13  Overlord  
  13  0:18  Drone  
  14  0:31  Drone x2  
  14  0:35  Drone  
  17  0:57  Hatchery  
  17  1:02  Drone  
  17  1:05  Drone  
  18  1:17  Extractor  
  17  1:21  Spawning Pool  
  16  1:30  Drone x2  
  16  1:32  Drone  
  19  1:46  Drone  
  20  1:54  Drone  
  21  2:07  Drone  
  22  2:10  Queen x2  
  22  2:14  Overlord  
  26  2:19  Drone  
  26  2:21  Drone  
  28  2:33  Drone x2  
  28  2:34  Spine Crawler  
  29  2:43  Evolution Chamber  
  28  2:49  Evolution Chamber x2  
  27  2:53  Roach Warren  
  26  2:58  Queen  
  28  3:11  Queen  
  28  3:12  Drone  
  31  3:13  Drone  
  31  3:16  Overlord  
  32  3:30  Spine Crawler  
  32  3:33  Zerg Missile Weapons Level 1  
  31  3:36  Zerg Ground Armor Level 1  
  31  3:37  Drone  
  31  3:41  Drone  
  34  3:42  Drone  
  34  3:48  Spine Crawler  
  34  3:53  Drone x3  
  37  3:55  Drone  
  37  3:58  Drone  
  39  4:06  Lair  
  39  4:10  Drone  
  39  4:14  Overlord  
  39  4:16  Extractor  
  39  4:22  Drone  
  40  4:26  Drone x2  
  40  4:27  Drone x2  
  40  4:28  Overlord  
  44  4:33  Drone x2  
  44  4:34  Drone  
  47  4:55  Extractor, Drone x2  
  47  4:56  Extractor, Drone  
  47  4:57  Drone x3  
  51  5:00  Drone x2  
  51  5:05  Nydus Network  
  52  5:11  Glial Reconstitution  
  52  5:12  Overlord  
  52  5:13  Overlord  
  52  5:19  Roach  
  52  5:21  Roach  
  56  5:23  Roach  
  56  5:25  Zergling x2  
  59  5:31  Roach  
  61  5:36  Roach  
  61  5:41  Pneumatized Carapace  
  63  5:44  Roach  
  63  5:46  Roach  
  63  5:49  Roach x3  
  73  5:50  Roach  
  75  6:01  Overlord x3  
  75  6:02  Overlord  
  75  6:08  Nydus Canal  
  75  6:20  Roach  
  75  6:21  Roach x4  
  85  6:29  Roach x2  
  85  6:30  Roach x2  
  90  6:41  Roach x3  
  88  6:48  Roach  
  88  6:49  Roach x3  
  88  6:50  Roach  
  88  6:51  Roach  
  94  6:55  Roach  
Show
View Real Time Build Order
Export as new Build Order

Mau Zerg 

Build Orders: Hatch First 

Get SALT Encoding   

  12  0:01  Drone  
  13  0:08  Drone  
  14  0:15  Extractor  
  14  0:16  Drone  
  15  0:39  Hatchery  
  14  0:43  Extractor  
  14  0:44  Drone  
  14  1:02  Spawning Pool  
  13  1:09  Drone  
  14  1:14  Overlord  
  14  1:48  Queen  
  14  1:52  Metabolic Boost  
  14  1:53  Zergling x2  
  14  1:54  Zergling x4  
  19  2:01  Zergling x4  
  21  2:11  Zergling x2  
  22  2:18  Zergling x4  
  24  2:33  Overlord  
  24  2:36  Zergling x4  
  26  2:50  Zergling x4  
  28  2:58  Zergling x4  
  28  2:59  Zergling x6  
  33  3:13  Drone  
  33  3:14  Drone x2  
  36  3:24  Overlord  
  35  3:37  Overlord  
  35  3:42  Queen, Drone  
  35  3:44  Drone x3  
  41  3:53  Drone x2  
  43  4:04  Drone x2  
  45  4:12  Drone x2  
  45  4:15  Drone x3  
  50  4:18  Overlord  
  50  4:30  Baneling Nest  
  49  4:31  Drone  
  49  4:32  Drone  
  49  4:33  Evolution Chamber  
  49  4:53  Drone x5  
  49  4:54  Drone x4  
  49  4:56  Extractor  
  49  4:58  Roach Warren  
  57  5:06  Drone x2  
  59  5:09  Extractor  
  58  5:19  Zerg Missile Weapons Level 1  
  58  5:24  Extractor  
  58  5:25  Overlord x2  
  58  5:26  Overlord  
  57  5:38  Drone x2  
  59  5:47  Hatchery  
  59  5:48  Drone x3  
  59  5:49  Drone x2  
  63  5:58  Roach x6  
  62  6:42  Roach x12  
Tags
 
Add a new tag
Caveats
  • Supply blocks, unpowered buildings, or Contaminate may cause inaccurate times.
  • Supply counts are checked every 10 seconds.